 Dungeon Crawl Stone Soup version 0.25.1-2-g60ff931df9 (webtiles) character file.

Game seed: 7967815539652008186

128 Doot the Magician (level 4, -1/30 HPs)
             Began as a Mummy Wizard on Nov 15, 2020.
             Shot with an arrow by a centaur (6 damage)
             ... on level 4 of the Dungeon.
             The game lasted 00:05:06 (2914 turns).

Doot the Magician (Mummy Wizard)                    Turns: 2914, Time: 00:05:07

Health: -1/30      AC:  5    Str: 10    XL:     4   Next: 87%
Magic:  2/12       EV: 12    Int: 18    God:
Gold:   101        SH:  0    Dex: 10    Spells: 4/15 levels left

rFire    x . .     SeeInvis .   k - +1 mace (pain)
rCold    + . .     Gourm    .   (no shield)
rNeg     + + +     Faith    .   a - +0 robe
rPois    ∞         Spirit   .   n - +1 helmet
rElec    .         Reflect  .   (no cloak)
rCorr    .         Harm     .   d - +0 pair of gloves
MR       .....                  (no boots)
Stlth    ++........             (no amulet)
HPRegen  0.10/turn              (no ring)
MPRegen  0.13/turn              (no ring)

@: no status effects
A: no food or potions, fire vulnerability, cold resistance 1, negative energy
resistance 3, torment resistance, unbreathing
a: no special abilities


You were on level 4 of the Dungeon.
You were not hungry.

You visited 1 branch of the dungeon, and saw 4 of its levels.

You collected 101 gold pieces.

Inventory:

Hand Weapons
 g - a +0 dagger
 k - a +1 mace of pain (weapon)
Armour
 a - a +0 robe (worn)
 b - a +0 hat
 d - a +0 pair of gloves (worn)
 n - a +1 helmet (worn)
Jewellery
 m - an uncursed ring of protection from magic {unknown}
Wands
 j - a wand of digging (5)
 o - a wand of iceblast (13)
Scrolls
 c - 3 scrolls of remove curse {unknown}
 e - 2 scrolls of teleportation {unknown}
 f - a scroll of magic mapping {unknown}
 h - 2 scrolls of identify {unknown}
 i - a scroll of fear {unknown}
 l - a scroll of blinking {unknown}


   Skills:
 + Level 0.3 Fighting
 + Level 0.3 Maces & Flails
 + Level 1.8 Dodging
 + Level 1.8 Stealth
 + Level 6.1 Spellcasting
 + Level 1.1 Conjurations
 + Level 1.4 Summonings
 + Level 0.7 Translocations


You had 4 spell levels left.
You knew the following spells:

 Your Spells              Type           Power        Failure   Level  Hunger
a - Magic Dart            Conj           #...         8%          1    N/A
b - Blink                 Tloc           N/A          13%         2    N/A
c - Call Imp              Summ           ##......     10%         2    N/A
d - Conjure Flame         Conj/Fire      #.......     28%         3    N/A
e - Mephitic Cloud        Conj/Pois/Air  #.......     30%         3    N/A

Your spell library contained the following spells:

 Spells                   Type           Power        Failure   Level  Hunger
 Slow                     Hex            #.......     19%         2    N/A

Dungeon Overview and Level Annotations

Branches:
Dungeon (4/15)
 Temple: D:4-7

Altars:
Fedhas
Gozag
Hepliaklqana
The Shining One


Innate Abilities, Weirdness & Mutations

You do not eat or drink.
Your flesh is vulnerable to fire.
You are immune to poison.
Your flesh is cold resistant. (rC+)
You are immune to negative energy. (rN+++)
You are immune to unholy pain and torment.
You can survive without breathing.


Message History

Your crimson imp dies!
The centaur unwields a +3 whip.
The centaur wields a +0 shortbow.
The centaur shoots an arrow.
The arrow hits your white imp!
Your white imp dies!
Casting: Call Imp (safe; 10% risk of failure)
Confirm with . or Enter, or press ? or * to list all spells.
A shadowy apparition takes form in the air.
The centaur shoots an arrow.
The arrow misses your shadow imp. The arrow closely misses you.
Your shadow imp gestures at the centaur.
The centaur struggles to resist.
The centaur shoots an arrow.
The arrow barely misses your shadow imp.
The arrow barely misses you.
You see here an arrow.
Unknown command.
The centaur shoots an arrow.
The arrow hits your shadow imp!
Your shadow imp dies!
The centaur shoots an arrow.
The arrow hits you.
You die...

#.# ... #.# #.# #.#
###### #.# #....# #.#
#.##.##########.######
#.#..@(.(((.c.(..%....
#.#..##########.#.###.
#.#..# ##....###.
#!#..# #.........
#....## ##...####.
#.....# ##.## #.
#.....# #.#####.
#.....# #.......
#.....# ##+######


You could see a centaur (resistant).

Vanquished Creatures
  An ogre (D:4)
  An adder (D:2)
  An ooze (D:3)
  2 dart slugs
  A leopard gecko (D:3)
  2 orcs
  6 goblins
  3 hobgoblins (D:1)
  A jackal (D:2)
  2 quokkas (D:4)
  5 bats
  A frilled lizard (D:2)
  A rat (D:3)
27 creatures vanquished.

Vanquished Creatures (collateral kills)
  Terence (D:3)
  An orc wizard (D:4)
  A worm (D:2)
  3 orcs (D:4)
  A jackal (D:2)
7 creatures vanquished.

Grand Total: 34 creatures vanquished

Notes
Turn   | Place    | Note
-------+----------+-------------------------------------------
     0 | D:1      | Doot the Mummy Wizard began the quest for the Orb.
     0 | D:1      | Reached XP level 1. HP: 13/13 MP: 5/5
   365 | D:1      | Reached XP level 2. HP: 19/19 MP: 5/7
   433 | D:1      | Learned a level 2 spell: Blink
   436 | D:1      | Learned a level 2 spell: Call Imp
   490 | D:2      | Found a glowing golden altar of the Shining One.
   704 | D:2      | Reached skill level 5 in Spellcasting
   829 | D:2      | Reached XP level 3. HP: 24/24 MP: 2/9
   894 | D:2      | Learned a level 3 spell: Conjure Flame
   898 | D:2      | Learned a level 3 spell: Mephitic Cloud
   909 | D:2      | Found an opulent altar of Gozag.
  1160 | D:3      | Noticed Terence
  1177 | D:3      | Killed Terence
  1523 | D:3      | Reached skill level 1 in Conjurations
  1645 | D:4      | Noticed a centaur
  1646 | D:4      | Found a blossoming altar of Fedhas.
  2255 | D:4      | Noticed an ogre
  2265 | D:4      | Killed an ogre
  2265 | D:4      | Reached skill level 6 in Spellcasting
  2265 | D:4      | Reached skill level 1 in Summonings
  2265 | D:4      | Reached XP level 4. HP: 30/30 MP: 1/12
  2427 | D:4      | Found a hazy altar of Hepliaklqana.
  2914 | D:4      | Shot with an arrow by a centaur

Illustrated notes

Levels and vault maps discovered:
D:1:      saegor_arrival_under_anarchy, layout_basic, patterned_corridor
D:2:      layout_basic, tso_metal_star, nemelex_xobeh_ov_fountains_minmay,
          lightli_temple_of_fire, chequers_ecumenical_altar_simple_redux,
          nicolae_gozag_cash_rules_everything_around_me
D:3:      layout_loops_corners, gammafunk_ghost_cemetery, first_ration,
          uniq_terence
D:4:      layout_loops_corners, lemuel_crystal_altar,
          fedhas_bush_and_centaur_altar

Skill      XL: |  1  2  3 |
---------------+----------+-----
Spellcasting   | 5 6 |  6.1
Conjurations   | 1 |  1.1
Summonings     | 1 |  1.4
Fighting       | |  0.3
Maces & Flails | |  0.3
Dodging        | |  1.8
Stealth        | |  1.8
Translocations | |  0.7

Action                   |  1- 3 |  4- 6 || total
-------------------------+-------+-------++-------
Melee: Mace              |    14 |     8 ||    22
       Dagger            |     2 |       ||     2
 Cast: Magic Dart        |    66 |     4 ||    70
       Call Imp          |    11 |    12 ||    23
       Blink             |     1 |     1 ||     2
 Stab: Sleeping          |     2 |       ||     2
Armor: Robe              |    12 |     4 ||    16
Dodge: Dodged            |    23 |    15 ||    38
